A
KINGSVILLE KNIGHTS @ EVANSVILLE HIT KINGS
09/12/2059
 
TOP OF THE 1ST
Kingsville Knights batting - Pitching for Evansville Hit Kings : RHP Colton Murphy
Pitching: RHP Colton Murphy
Batting: RHB Manning Ogura 0-0: Called Strike
0-1: Swinging Strike
0-2: Ball
1-2: Foul Ball, location: 2F
1-2: Ball
2-2: Ground out 6-3 (Groundball, 6, EV 86.2 MPH)
Batting: RHB Brendan Woodman 0-0: Ball
1-0: DOUBLE (Line Drive, 9D, EV 101.2 MPH)
Batting: RHB Derell Machuca 0-0: Ball
1-0: Ball
2-0: Called Strike
2-1: Ball
3-1: Ground out 4-3 (Groundball, 4M, EV 106.9 MPH)
Brendan Woodman to third
Batting: LHB Blake Steffen 0-0: Called Strike
0-1: Foul Ball, location: 2F
0-2: Strikes out swinging
Top of the 1st over - 0 runs, 1 hit, 0 errors, 1 left on base; Kingsville 0 - Evansville 0
BOTTOM OF THE 1ST
Evansville Hit Kings batting - Pitching for Kingsville Knights : RHP Lindsay Perez
Pitching: RHP Lindsay Perez
Batting: LHB Hunter Gehringer 0-0: Ball
1-0: Ball
2-0: Ball
3-0: Called Strike
3-1: Base on Balls
Batting: RHB Marlon Anderson 0-0: Called Strike
0-1: Foul Ball, location: 2F
0-2: Foul Ball, location: 2F
0-2: Ball
1-2: Hit by Pitch
Hunter Gehringer to second
Batting: RHB Shayne Hall 0-0: Ball
1-0: Fly out, F8 (Flyball, 8RD, EV 81.9 MPH)
Batting: LHB Andy O'Bryan 0-0: Ball
Hunter Gehringer steals 3rd base
1-0: Foul Ball, location: 2F
1-1: Ball
2-1: Ball
3-1: SINGLE (Groundball, 34D, EV 95.0 MPH)
Hunter Gehringer scores
Marlon Anderson to second
Runner from 2nd tries for 3rd, SAFE, throw by RF made to third
Batting: RHB Chandler Frazee 0-0: Ball
1-0: Ball
2-0: Called Strike
2-1: Foul Ball, location: 2F
2-2: Ball
3-2: Foul Ball, location: 2F
3-2: Base on Balls
Andy O'Bryan to second
Batting: RHB Seth Durand 0-0: Called Strike
0-1: Ball
1-1: Ball
2-1: Ball
3-1: Foul Ball, location: 2F
3-2: Fly out, F9 (Flyball, 9S, EV 95.6 MPH)
Batting: SHB Sharrod Lewis 0-0: Ball
1-0: Foul Ball, location: 2F
1-1: Ground out 3-1 (Groundball, 34, EV 86.2 MPH)
Bottom of the 1st over - 1 run, 1 hit, 0 errors, 3 left on base; Kingsville 0 - Evansville 1
TOP OF THE 2ND
Kingsville Knights batting - Pitching for Evansville Hit Kings : RHP Colton Murphy
Batting: RHB Camden Price 0-0: Ground out 3-1 (Groundball, 34, EV 108.8 MPH)
Batting: RHB Kenesaw Camarillo 0-0: Fly out, F4 (Flyball, 3D, EV 94.4 MPH)
Batting: RHB L.J. Kistler 0-0: Called Strike
0-1: Foul Ball, location: 2F
0-2: Ball
1-2: Foul Ball, location: 2F
1-2: Ball
2-2: Foul Ball, location: 2F
2-2: Ground out 4-3 (Groundball, 4M, EV 104.4 MPH)
Top of the 2nd over - 0 runs, 0 hits, 0 errors, 0 left on base; Kingsville 0 - Evansville 1
BOTTOM OF THE 2ND
Evansville Hit Kings batting - Pitching for Kingsville Knights : RHP Lindsay Perez
Batting: RHB Blayne Gillett 0-0: Ball
1-0: Fly out, F4 (Line Drive, 4MD, EV 66.9 MPH)
Batting: RHB Brenden Baxter 0-0: Called Strike
0-1: Fly out, F7 (Line Drive, 7D, EV 89.4 MPH)
Batting: LHB Hunter Gehringer 0-0: Called Strike
0-1: Fly out, F8 (Flyball, 8LD, EV 106.2 MPH)
Bottom of the 2nd over - 0 runs, 0 hits, 0 errors, 0 left on base; Kingsville 0 - Evansville 1
TOP OF THE 3RD
Kingsville Knights batting - Pitching for Evansville Hit Kings : RHP Colton Murphy
Batting: LHB Dallin Mummau 0-0: Ball
1-0: Ball
2-0: Ball
3-0: Called Strike
3-1: Base on Balls
Batting: RHB Jay Bell 0-0: Called Strike
0-1: SINGLE (Groundball, 56D, EV 98.1 MPH)
Dallin Mummau to second
Batting: RHB Manning Ogura 0-0: Grounds into double play, 4-6-3 (Groundball, 4M, EV 103.8 MPH)
Dallin Mummau to third
Batting: RHB Brendan Woodman 0-0: Swinging Strike
0-1: Swinging Strike
0-2: Strikes out swinging
Top of the 3rd over - 0 runs, 1 hit, 0 errors, 1 left on base; Kingsville 0 - Evansville 1
BOTTOM OF THE 3RD
Evansville Hit Kings batting - Pitching for Kingsville Knights : RHP Lindsay Perez
Batting: RHB Marlon Anderson 0-0: Ball
1-0: Fly out, F8 (Line Drive, 8RM, EV 95.0 MPH)
Batting: RHB Shayne Hall 0-0: Ball
1-0: Ground out 5-3 (Groundball, 56S, EV 81.2 MPH)
Batting: LHB Andy O'Bryan 0-0: Ball
1-0: Called Strike
1-1: Foul Ball, location: 2F
1-2: Ball
2-2: Ball
3-2: Fly out, F7 (Flyball, 78D, EV 93.8 MPH)
Bottom of the 3rd over - 0 runs, 0 hits, 0 errors, 0 left on base; Kingsville 0 - Evansville 1
TOP OF THE 4TH
Kingsville Knights batting - Pitching for Evansville Hit Kings : RHP Colton Murphy
Batting: RHB Derell Machuca 0-0: Swinging Strike
0-1: Called Strike
0-2: Foul Ball, location: 2F
0-2: SINGLE (Line Drive, 8RS, EV 102.5 MPH)
Batting: LHB Blake Steffen 0-0: Ball
1-0: Ball
2-0: Ball
3-0: Base on Balls
Derell Machuca to second
Batting: RHB Camden Price 0-0: Fly out, F8 (Flyball, 78S, EV 92.5 MPH)
Batting: RHB Kenesaw Camarillo 0-0: Ball
1-0: Ball
2-0: Ball
3-0: Called Strike
3-1: Swinging Strike
3-2: Fly out, F4 (Popup, 34S, EV 84.4 MPH)
Batting: RHB L.J. Kistler 0-0: Ground out 4-3 (Groundball, 4, EV 78.8 MPH)
Top of the 4th over - 0 runs, 1 hit, 0 errors, 2 left on base; Kingsville 0 - Evansville 1
BOTTOM OF THE 4TH
Evansville Hit Kings batting - Pitching for Kingsville Knights : RHP Lindsay Perez
Batting: RHB Chandler Frazee 0-0: Ball
1-0: Ball
2-0: Ball
3-0: Called Strike
3-1: Swinging Strike
3-2: Strikes out swinging
Batting: RHB Seth Durand 0-0: Ball
1-0: Called Strike
1-1: Ball
2-1: Ball
3-1: Called Strike
3-2: Foul Ball, location: 2F
3-2: Ground out 6-3 (Groundball, 6, EV 81.9 MPH)
Batting: SHB Sharrod Lewis 0-0: Fly out, F7 (Flyball, 78S, EV 76.2 MPH)
Bottom of the 4th over - 0 runs, 0 hits, 0 errors, 0 left on base; Kingsville 0 - Evansville 1
TOP OF THE 5TH
Kingsville Knights batting - Pitching for Evansville Hit Kings : RHP Colton Murphy
Batting: LHB Dallin Mummau 0-0: Ball
1-0: Ball
2-0: Ball
3-0: Called Strike
3-1: Called Strike
3-2: Foul Ball, location: 2F
3-2: Fly out, F7 (Line Drive, 7S, EV 83.1 MPH)
Batting: RHB Jay Bell 0-0: Ball
1-0: Foul Ball, location: 2F
1-1: Called Strike
1-2: Foul Ball, location: 2F
1-2: Ground out 4-3 (Groundball, 4, EV 100.0 MPH)
Batting: RHB Manning Ogura 0-0: Ball
1-0: Ball
2-0: Called Strike
2-1: Fly out, F9 (Flyball, 89M, EV 81.9 MPH)
Top of the 5th over - 0 runs, 0 hits, 0 errors, 0 left on base; Kingsville 0 - Evansville 1
BOTTOM OF THE 5TH
Evansville Hit Kings batting - Pitching for Kingsville Knights : RHP Lindsay Perez
Batting: RHB Blayne Gillett 0-0: Ball
1-0: Foul Ball, location: 2F
1-1: Ball
2-1: Foul Ball, location: 2F
2-2: Foul Ball, location: 2F
2-2: Foul Ball, location: 2F
2-2: Fly out, F8 (Flyball, 8LXD, EV 109.4 MPH)
Batting: RHB Brenden Baxter 0-0: Fly out, F9 (Flyball, 89M, EV 89.4 MPH)
Batting: LHB Hunter Gehringer 0-0: Foul Ball, location: 2F
0-1: Ball
1-1: Foul Ball, location: 2F
1-2: Foul Ball, location: 2F
1-2: Strikes out swinging
Bottom of the 5th over - 0 runs, 0 hits, 0 errors, 0 left on base; Kingsville 0 - Evansville 1
TOP OF THE 6TH
Kingsville Knights batting - Pitching for Evansville Hit Kings : RHP Colton Murphy
Batting: RHB Brendan Woodman 0-0: Called Strike
0-1: Ball
1-1: Ball
2-1: Ground out 3-1 (Groundball, 13, EV 78.8 MPH)
Batting: RHB Derell Machuca 0-0: Ball
1-0: Fly out, F8 (Flyball, 8LD, EV 85.6 MPH)
Batting: LHB Blake Steffen 0-0: Ball
1-0: Ball
2-0: Ball
3-0: Called Strike
3-1: Swinging Strike
3-2: Foul Ball, location: 2F
3-2: Foul Ball, location: 2F
3-2: Foul Ball, location: 2F
3-2: Foul Ball, location: 2F
3-2: Foul Ball, location: 2F
3-2: Base on Balls
Batting: RHB Camden Price 0-0: Fly out, F7 (Flyball, 7, EV 75.0 MPH)
Top of the 6th over - 0 runs, 0 hits, 0 errors, 1 left on base; Kingsville 0 - Evansville 1
BOTTOM OF THE 6TH
Evansville Hit Kings batting - Pitching for Kingsville Knights : RHP Lindsay Perez
Batting: RHB Marlon Anderson 0-0: Ball
1-0: Foul Ball, location: 2F
1-1: Foul Ball, location: 2F
1-2: DOUBLE (Flyball, 78D, EV 105.0 MPH)
Pitching: RHP Andy Macy
Batting: RHB Shayne Hall 0-0: Called Strike
0-1: Ball
1-1: Foul Ball, location: 2F
1-2: Strikes out looking
Batting: LHB Andy O'Bryan 0-0: Intentional Walk
Batting: RHB Chandler Frazee 0-0: Called Strike
0-1: Ball
1-1: Foul Ball, location: 2F
1-2: Strikes out swinging
Batting: RHB Seth Durand 0-0: Called Strike
0-1: Ball
1-1: Ball
2-1: Called Strike
2-2: Foul Ball, location: 2F
2-2: Foul Ball, location: 2F
2-2: Ball
3-2: Base on Balls
Marlon Anderson to third
Andy O'Bryan to second
Batting: SHB Sharrod Lewis 0-0: Ball
1-0: Foul Ball, location: 2F
1-1: Ball
2-1: SINGLE (Groundball, 4MD, EV 96.9 MPH)
Marlon Anderson scores
Andy O'Bryan to third
Seth Durand to second
Batting: RHB Blayne Gillett 0-0: Fielders Choice at 2nd, 6-4 (Groundball, 6, EV 85.0 MPH)
Bottom of the 6th over - 1 run, 2 hits, 0 errors, 3 left on base; Kingsville 0 - Evansville 2
TOP OF THE 7TH
Kingsville Knights batting - Pitching for Evansville Hit Kings : RHP Colton Murphy
Batting: RHB Kenesaw Camarillo 0-0: Called Strike
0-1: Foul Ball, location: 2F
0-2: Ball
1-2: SINGLE (Line Drive, 9S, EV 93.8 MPH)
Batting: RHB L.J. Kistler 0-0: Bunted foul
0-1: Bunted foul
0-2: Ball
1-2: Ball
2-2: Grounds into double play, 6-4-3 (Groundball, 6D, EV 93.1 MPH)
Batting: LHB Dallin Mummau 0-0: Foul Ball, location: 2F
0-1: Ground out 6-3 (Groundball, 6, EV 103.8 MPH)
Top of the 7th over - 0 runs, 1 hit, 0 errors, 0 left on base; Kingsville 0 - Evansville 2
BOTTOM OF THE 7TH
Evansville Hit Kings batting - Pitching for Kingsville Knights : RHP Andy Macy
Batting: RHB Brenden Baxter 0-0: Foul Ball, location: 2F
0-1: Ball
1-1: Swinging Strike
1-2: Ball
2-2: Strikes out looking
Batting: LHB Hunter Gehringer 0-0: Foul Ball, location: 2F
0-1: Foul Ball, location: 2F
0-2: Ball
1-2: Strikes out swinging
Batting: RHB Marlon Anderson 0-0: Called Strike
0-1: Fly out, F9 (Flyball, 89M, EV 95.0 MPH)
Bottom of the 7th over - 0 runs, 0 hits, 0 errors, 0 left on base; Kingsville 0 - Evansville 2
TOP OF THE 8TH
Kingsville Knights batting - Pitching for Evansville Hit Kings : RHP Colton Murphy
Pitching: RHP Drew Hunt
Batting: RHB Jay Bell 0-0: Ball
1-0: Swinging Strike
1-1: Called Strike
1-2: Ball
2-2: Foul Ball, location: 2F
2-2: Strikes out swinging
Batting: RHB Manning Ogura 0-0: Ball
1-0: Ball
2-0: Called Strike
2-1: Ground out 3-1 (Groundball, 34S, EV 86.2 MPH)
Batting: RHB Brendan Woodman 0-0: Ball
1-0: Ball
2-0: Ball
3-0: Called Strike
3-1: Base on Balls
Batting: RHB Derell Machuca 0-0: Hit by Pitch
Brendan Woodman to second
Pitching: LHP Drew Stacy
Batting: LHB Blake Steffen 0-0: Called Strike
0-1: Ball
1-1: Foul Ball, location: 2F
1-2: Strikes out looking
Top of the 8th over - 0 runs, 0 hits, 0 errors, 2 left on base; Kingsville 0 - Evansville 2
BOTTOM OF THE 8TH
Evansville Hit Kings batting - Pitching for Kingsville Knights : RHP Andy Macy
Batting: RHB Shayne Hall 0-0: Ball
1-0: Called Strike
1-1: Foul Ball, location: 2F
1-2: Foul Ball, location: 2F
1-2: Strikes out swinging
Batting: LHB Andy O'Bryan 0-0: Called Strike
0-1: Ball
1-1: Ball
2-1: Foul Ball, location: 2F
2-2: SOLO HOME RUN (Flyball, 9LD, EV 91.2 MPH), Distance : 339 ft
Pitching: RHP Joey Offutt
Batting: RHB Chandler Frazee 0-0: Ball
1-0: Called Strike
1-1: Foul Ball, location: 2F
1-2: Foul Ball, location: 2F
1-2: Ball
2-2: Foul Ball, location: 2F
2-2: Fly out, F8 (Flyball, 8LXD, EV 105.0 MPH)
Batting: RHB Seth Durand 0-0: Ball
1-0: Swinging Strike
1-1: SINGLE (Groundball, 4MD, EV 101.9 MPH) (infield hit)
Batting: SHB Sharrod Lewis 0-0: Ball
Seth Durand is caught stealing 2nd base 2-6
Bottom of the 8th over - 1 run, 2 hits, 0 errors, 0 left on base; Kingsville 0 - Evansville 3
TOP OF THE 9TH
Kingsville Knights batting - Pitching for Evansville Hit Kings : LHP Drew Stacy
Pitching: RHP Johnathan Jones
Now in LF: Geoff Tollard
Batting: RHB Camden Price 0-0: Called Strike
0-1: Called Strike
0-2: Ground out 6-3 (Groundball, 6, EV 91.2 MPH)
Batting: RHB Kenesaw Camarillo 0-0: Ball
1-0: Ground out 6-3 (Groundball, 6, EV 82.5 MPH)
Batting: RHB L.J. Kistler 0-0: Ball
1-0: Called Strike
1-1: Ball
2-1: Fly out, F9 (Flyball, 9, EV 92.5 MPH)
Top of the 9th over - 0 runs, 0 hits, 0 errors, 0 left on base; Kingsville 0 - Evansville 3
Sunday, March 31st , 2024 - OOTP Baseball 23.10 Build 110